BSA
PHILADELPHIA ATHLETICS @ ST. LOUIS BROWNS
04/16/2028
 
TOP OF THE 1ST
Niagara Falls Frenzy batting - Pitching for St. Louis Browns : RHP Claudio Martínez
Pitching: RHP Claudio Martínez
Batting: RHB Kel Pierce 0-0: Called Strike
0-1: Bunt for hit - play at first, batter OUT! 3-4
Batting: LHB Yasuhiko Onodera 0-0: Foul Ball, location: 2F
0-1: Called Strike
0-2: Foul Ball, location: 2F
0-2: Ball
1-2: Fly out, F9 (Flyball, 9)
Batting: LHB Clyde Yarbrough 0-0: Called Strike
0-1: Ball
1-1: Ball
2-1: Ball
3-1: Base on Balls
Batting: SHB Martín De Jesús 0-0: Ball
1-0: Ball
Clyde Yarbrough is caught stealing 2nd base
Top of the 1st over - 0 run(s), 0 hit(s), 0 error(s), 0 left on base; Niagara Falls 0 - St. Louis 0
BOTTOM OF THE 1ST
St. Louis Browns batting - Pitching for Niagara Falls Frenzy : RHP George Nelson
Pitching: RHP George Nelson
Batting: LHB Robin Hill 0-0: Ball
1-0: Called Strike
1-1: Ball
2-1: Ball
3-1: Swinging Strike
3-2: Fly out, F8 (Line Drive, 8RS)
Batting: RHB Carlos Alfaro 0-0: Ball
1-0: Foul Ball, location: 2F
1-1: Foul Ball, location: 2F
1-2: Ball
2-2: SOLO HOME RUN (Flyball, 8LXD), Distance : 417 ft
Batting: LHB Mike Hill 0-0: Ball
1-0: Ball
2-0: Foul Ball, location: 2F
2-1: Ball
3-1: SINGLE (Groundball, 4D)
Batting: LHB Jorge Torres 0-0: Fly out, F7 (Flyball, 7D)
Batting: LHB Bob Ware 0-0: Fly out, F9 (Flyball, 89M)
Bottom of the 1st over - 1 run(s), 2 hit(s), 0 error(s), 1 left on base; Niagara Falls 0 - St. Louis 1
TOP OF THE 2ND
Niagara Falls Frenzy batting - Pitching for St. Louis Browns : RHP Claudio Martínez
Batting: SHB Martín De Jesús 0-0: Called Strike
0-1: Ball
1-1: Foul Ball, location: 2F
1-2: Ball
2-2: Ball
3-2: Base on Balls
Batting: RHB Zander Tremblett 0-0: Grounds into double play, 4-6-3 (Groundball, 4)
Batting: RHB Anastasio Villa 0-0: SINGLE (Groundball, 6MD)
Batting: RHB Troy Lau 0-0: Ball
1-0: Called Strike
1-1: Called Strike
1-2: Ball
2-2: Fly out, F8 (Flyball, 8RD)
Top of the 2nd over - 0 run(s), 1 hit(s), 0 error(s), 1 left on base; Niagara Falls 0 - St. Louis 1
BOTTOM OF THE 2ND
St. Louis Browns batting - Pitching for Niagara Falls Frenzy : RHP George Nelson
Batting: LHB Junior Coates 0-0: Fly out, F5 (Flyball, 5D)
Batting: LHB Bill Murphy 0-0: Foul Ball, location: 2F
0-1: DOUBLE (Flyball, 78XD)
Batting: RHB Anthony Rucker 0-0: Fly out, F9 (Flyball, 89S)
Batting: LHB John Cotton 0-0: Ground out 3-1 (Groundball, 34)
Bottom of the 2nd over - 0 run(s), 1 hit(s), 0 error(s), 1 left on base; Niagara Falls 0 - St. Louis 1
TOP OF THE 3RD
Niagara Falls Frenzy batting - Pitching for St. Louis Browns : RHP Claudio Martínez
Batting: RHB Jung-ha Kim 0-0: Ball
1-0: SOLO HOME RUN (Flyball, 7D), Distance : 362 ft
Batting: RHB Santiago Zambrano 0-0: Swinging Strike
0-1: Swinging Strike
0-2: Ball
1-2: Strikes out swinging
Batting: RHB Kel Pierce 0-0: Called Strike
0-1: Ball
1-1: Called Strike
1-2: Ball
2-2: SINGLE (Groundball, 6D)
Batting: LHB Yasuhiko Onodera 0-0: Ball
1-0: Called Strike
1-1: Ball
2-1: Ball
3-1: Foul Ball, location: 2F
3-2: SINGLE (Line Drive, 34D)
Kel Pierce to second
Batting: LHB Clyde Yarbrough 0-0: Called Strike
Yasuhiko Onodera steals 2nd base
Kel Pierce to third
0-1: Foul Ball, location: 2F
0-2: Ball
1-2: Foul Ball, location: 2F
1-2: Foul Ball, location: 2F
1-2: Fly out, F7 (Flyball, 7D)
Runner from 3rd tags up, SCORES, no throw
Yasuhiko Onodera to third
Batting: SHB Martín De Jesús 0-0: Ball
1-0: Ball
2-0: Ball
3-0: Base on Balls
Batting: RHB Zander Tremblett 0-0: Fielders Choice at 2nd, 5-4 (Groundball, 56)
Top of the 3rd over - 2 run(s), 3 hit(s), 0 error(s), 1 left on base; Niagara Falls 2 - St. Louis 1
BOTTOM OF THE 3RD
St. Louis Browns batting - Pitching for Niagara Falls Frenzy : RHP George Nelson
Batting: LHB Robin Hill 0-0: Ball
1-0: Swinging Strike
1-1: Ball
2-1: Ball
3-1: Base on Balls
Batting: RHB Carlos Alfaro 0-0: Called Strike
0-1: Ball
1-1: Fly out, F8 (Line Drive, 8LD)
Batting: LHB Mike Hill 0-0: Fly out, F7 (Flyball, 7S)
Batting: LHB Jorge Torres 0-0: Ball
1-0: Called Strike
1-1: Ground out 1-3 (Groundball, 13)
Bottom of the 3rd over - 0 run(s), 0 hit(s), 0 error(s), 1 left on base; Niagara Falls 2 - St. Louis 1
TOP OF THE 4TH
Niagara Falls Frenzy batting - Pitching for St. Louis Browns : RHP Claudio Martínez
Batting: RHB Anastasio Villa 0-0: Foul Ball, location: 2F
0-1: Foul Ball, location: 2F
0-2: Ball
1-2: Ground out 6-3 (Groundball, 6)
Batting: RHB Troy Lau 0-0: Called Strike
0-1: Foul Ball, location: 2F
0-2: Strikes out swinging
Batting: RHB Jung-ha Kim 0-0: Ball
1-0: Ball
2-0: Called Strike
2-1: Called Strike
2-2: Ball
3-2: Strikes out looking
Top of the 4th over - 0 run(s), 0 hit(s), 0 error(s), 0 left on base; Niagara Falls 2 - St. Louis 1
BOTTOM OF THE 4TH
St. Louis Browns batting - Pitching for Niagara Falls Frenzy : RHP George Nelson
Batting: LHB Bob Ware 0-0: Ball
1-0: Ground out 4-3 (Groundball, 4)
Batting: LHB Junior Coates 0-0: Foul Ball, location: 2F
0-1: SOLO HOME RUN (Line Drive, 9D), Distance : 383 ft
Batting: LHB Bill Murphy 0-0: Ball
1-0: Foul Ball, location: 2F
1-1: Fly out, F9 (Flyball, 89S)
Batting: RHB Anthony Rucker 0-0: Called Strike
0-1: Ball
1-1: Called Strike
1-2: Foul Ball, location: 2F
1-2: SOLO HOME RUN (Flyball, 78XD), Distance : 411 ft
Batting: LHB John Cotton 0-0: Ball
1-0: Ground out 4-3 (Groundball, 4S)
Bottom of the 4th over - 2 run(s), 2 hit(s), 0 error(s), 0 left on base; Niagara Falls 2 - St. Louis 3
TOP OF THE 5TH
Niagara Falls Frenzy batting - Pitching for St. Louis Browns : RHP Claudio Martínez
Batting: RHB Santiago Zambrano 0-0: Ball
1-0: Ground out 5-3 (Groundball, 56S)
Batting: RHB Kel Pierce 0-0: Called Strike
0-1: Ball
1-1: Ball
2-1: Ball
3-1: Base on Balls
Batting: LHB Yasuhiko Onodera 0-0: Called Strike
0-1: Swinging Strike
0-2: Foul Ball, location: 2F
0-2: Fly out, F2 (Popup, 13)
Batting: LHB Clyde Yarbrough 0-0: Ball
Kel Pierce is caught stealing 2nd base
Top of the 5th over - 0 run(s), 0 hit(s), 0 error(s), 0 left on base; Niagara Falls 2 - St. Louis 3
BOTTOM OF THE 5TH
St. Louis Browns batting - Pitching for Niagara Falls Frenzy : RHP George Nelson
Batting: LHB Robin Hill 0-0: Ball
1-0: SINGLE (Line Drive, 6D)
Batting: RHB Carlos Alfaro 0-0: Ball
1-0: Called Strike
1-1: Fly out, F7 (Flyball, 7)
Batting: LHB Mike Hill 0-0: Ball
1-0: Foul Ball, location: 2F
1-1: Ball
2-1: Called Strike
2-2: Ball
3-2: Fly out, F8 (Flyball, 8LM)
Batting: LHB Jorge Torres 0-0: Ball
Robin Hill is caught stealing 2nd base
Bottom of the 5th over - 0 run(s), 1 hit(s), 0 error(s), 0 left on base; Niagara Falls 2 - St. Louis 3
TOP OF THE 6TH
Niagara Falls Frenzy batting - Pitching for St. Louis Browns : RHP Claudio Martínez
Batting: LHB Clyde Yarbrough 0-0: Ground out U3 (Groundball, 3L)
Batting: SHB Martín De Jesús 0-0: Called Strike
0-1: Foul Ball, location: 2F
0-2: Ball
1-2: Strikes out swinging
Batting: RHB Zander Tremblett 0-0: Ball
1-0: Foul Ball, location: 2F
1-1: Swinging Strike
1-2: Fly out, F5 (Popup, 5L)
Top of the 6th over - 0 run(s), 0 hit(s), 0 error(s), 0 left on base; Niagara Falls 2 - St. Louis 3
BOTTOM OF THE 6TH
St. Louis Browns batting - Pitching for Niagara Falls Frenzy : RHP George Nelson
Batting: LHB Jorge Torres 0-0: SINGLE (Flyball, 8LS)
Batting: LHB Bob Ware 0-0: Fly out, F4 (Popup, 4M)
Batting: LHB Junior Coates 0-0: Called Strike
0-1: Ball
1-1: Ball
2-1: Ball
3-1: Base on Balls
Jorge Torres to second
Batting: LHB Bill Murphy 0-0: Grounds into double play, 3-6-3 (Groundball, 34)
Bottom of the 6th over - 0 run(s), 1 hit(s), 0 error(s), 1 left on base; Niagara Falls 2 - St. Louis 3
TOP OF THE 7TH
Niagara Falls Frenzy batting - Pitching for St. Louis Browns : RHP Claudio Martínez
Pitching: RHP Beau Brown
Batting: RHB Anastasio Villa 0-0: Called Strike
0-1: Swinging Strike
0-2: Ball
1-2: Ball
2-2: Strikes out swinging
Batting: RHB Troy Lau 0-0: Foul Ball, location: 2F
0-1: Foul Ball, location: 2F
0-2: Ball
1-2: Strikes out looking
Batting: RHB Jung-ha Kim 0-0: Called Strike
0-1: Called Strike
0-2: Ball
1-2: Ground out 6-3 (Groundball, 6)
Top of the 7th over - 0 run(s), 0 hit(s), 0 error(s), 0 left on base; Niagara Falls 2 - St. Louis 3
BOTTOM OF THE 7TH
St. Louis Browns batting - Pitching for Niagara Falls Frenzy : RHP George Nelson
Batting: RHB Anthony Rucker 0-0: SINGLE (Groundball, 6MD)
Batting: LHB John Cotton 0-0: Ball
1-0: Ball
2-0: Sac Bunt - play at first, batter OUT! 1-4
Anthony Rucker to second
Batting: LHB Robin Hill 0-0: Called Strike
0-1: Called Strike
0-2: Ball
1-2: Ball
2-2: Foul Ball, location: 2F
2-2: Ball
3-2: Foul Ball, location: 2F
3-2: Strikes out swinging
Batting: RHB Carlos Alfaro 0-0: Foul Ball, location: 2F
0-1: 2-RUN HOME RUN (Flyball, 78XD), Distance : 409 ft
Batting: LHB Mike Hill 0-0: Called Strike
0-1: Foul Ball, location: 2F
0-2: Fly out, F6 (Popup, 6MS)
Bottom of the 7th over - 2 run(s), 2 hit(s), 0 error(s), 0 left on base; Niagara Falls 2 - St. Louis 5
TOP OF THE 8TH
Niagara Falls Frenzy batting - Pitching for St. Louis Browns : RHP Beau Brown
Now in RF: Mario Rosales
Batting: RHB Santiago Zambrano 0-0: SINGLE (Groundball, 34D)
Pitching: RHP Ramón Silva
Batting: RHB Kel Pierce 0-0: Ball
1-0: Reached on error, E5 (Groundball, 6S)
Santiago Zambrano to second
Pitching: LHP Luis Noriega
Batting: LHB Yasuhiko Onodera 0-0: Called Strike
0-1: Called Strike
0-2: Strikes out looking
Pitching: RHP John Allan
Batting: LHB Clyde Yarbrough 0-0: Ball
1-0: Called Strike
1-1: Swinging Strike
1-2: Ball
2-2: SINGLE (Groundball, 4MD)
Santiago Zambrano to third
Kel Pierce to second
Batting: SHB Martín De Jesús 0-0: Swinging Strike
0-1: Ball
1-1: Swinging Strike
1-2: Strikes out swinging
Pitching: RHP Cristóbal Gómez
Batting: RHB Zander Tremblett 0-0: Ball
1-0: Ball
2-0: Ball
3-0: Called Strike
3-1: Base on Balls
Santiago Zambrano scores
Kel Pierce to third
Clyde Yarbrough to second
Batting: RHB Anastasio Villa 0-0: Called Strike
0-1: Foul Ball, location: 2F
0-2: Ball
1-2: SINGLE (Line Drive, 6D)
Kel Pierce scores
Clyde Yarbrough to third
Zander Tremblett to second
Runner from 3rd tries for Home, SAFE, no throw
Pinch Hitting: LHB Jerry Johnston 0-0: Ball
1-0: Ball
2-0: Foul Ball, location: 2F
2-1: Ball
3-1: Base on Balls
Zander Tremblett to third
Anastasio Villa to second
Pinch Hitting: RHB Tomás Estrada 0-0: Ball
1-0: Swinging Strike
1-1: Fly out, F8 (Flyball, 8RM)
Top of the 8th over - 3 run(s), 3 hit(s), 1 error(s), 3 left on base; Niagara Falls 5 - St. Louis 5
BOTTOM OF THE 8TH
St. Louis Browns batting - Pitching for Niagara Falls Frenzy : RHP George Nelson
Now in CF: Luther Stoffels
Now in RF: Tomás Estrada
Batting: LHB Jorge Torres 0-0: Ball
1-0: Called Strike
1-1: Swinging Strike
1-2: Ball
2-2: SINGLE (Flyball, 7LS)
Pitching: RHP Kimitada Takai
Batting: LHB Bob Ware 0-0: Ball
1-0: SINGLE (Flyball, 8RS)
Jorge Torres to second
Batting: LHB Junior Coates 0-0: Ball
1-0: Called Strike
1-1: Ball
2-1: Grounds into double play, 3-6-3 (Groundball, 3)
Jorge Torres to third
Batting: LHB Bill Murphy 0-0: Called Strike
0-1: Foul Ball, location: 2F
0-2: Ground out U3 (Groundball, 34)
Bottom of the 8th over - 0 run(s), 2 hit(s), 0 error(s), 1 left on base; Niagara Falls 5 - St. Louis 5
TOP OF THE 9TH
Niagara Falls Frenzy batting - Pitching for St. Louis Browns : RHP Cristóbal Gómez
Pitching: RHP António López
Batting: RHB Santiago Zambrano 0-0: Ball
1-0: Ball
2-0: Called Strike
2-1: Ball
3-1: Ground out 5-3 (Groundball, 5L)
Batting: RHB Kel Pierce 0-0: Swinging Strike
0-1: Ground out 6-3 (Groundball, 6D)
Batting: LHB Yasuhiko Onodera 0-0: Ball
1-0: Foul Ball, location: 2F
1-1: Foul Ball, location: 2F
1-2: Foul Ball, location: 2F
1-2: SOLO HOME RUN (Flyball, 7LD), Distance : 336 ft
Batting: LHB Clyde Yarbrough 0-0: Ball
1-0: Called Strike
1-1: Ball
2-1: Ball
3-1: Foul Ball, location: 2F
3-2: SINGLE (Groundball, 5D)
Batting: SHB Martín De Jesús 0-0: Ball
1-0: Called Strike
Clyde Yarbrough is caught stealing 2nd base
Top of the 9th over - 1 run(s), 2 hit(s), 0 error(s), 0 left on base; Niagara Falls 6 - St. Louis 5
BOTTOM OF THE 9TH
St. Louis Browns batting - Pitching for Niagara Falls Frenzy : RHP Kimitada Takai
Pitching: RHP Ricardo Pérez
Batting: RHB Anthony Rucker 0-0: Ball
1-0: Ground out 1-3 (Groundball, 13)
Batting: LHB John Cotton 0-0: Ground out 4-3 (Groundball, 4)
Batting: RHB Mario Rosales 0-0: Foul Ball, location: 2F
0-1: Ground out 4-3 (Groundball, 4)
Bottom of the 9th over - 0 run(s), 0 hit(s), 0 error(s), 0 left on base; Niagara Falls 6 - St. Louis 5
Tuesday, August 8th, 2017 - OOTP Baseball 17.12 Build 75